 Dungeon Crawl Stone Soup version 0.29.1-13-g9f3cf754e1 (webtiles) character file.

Game seed: 9518491377237633328

0 croobank the Sneak (level 1, -2/18 HPs)
             Began as a Demigod Delver on Jan 24, 2023.
             Slain by a bullfrog (6 damage)
             ... on level 4 of the Dungeon.
             The game lasted 00:01:30 (132 turns).

croobank the Sneak (Demigod Delver)                  Turns: 132, Time: 00:01:30

Health: -2/18      AC:  3    Str: 13    XL:     1   Next: 0%
Magic:  3/3        EV: 11    Int: 12    God:
Gold:   0          SH:  0    Dex: 15    Spells: 0/0 levels left

rFire   . . .      SeeInvis .   a - +0 short sword
rCold   . . .      Faith    .   (no shield)
rNeg    . . .      Spirit   .   b - +0 leather armour
rPois   .          Reflect  .   (no helmet)
rElec   .          Harm     .   (no cloak)
rCorr   .          Rampage  .   (no gloves)
Will    .....                   (no boots)
Stlth   +++.......              (no amulet)
HPRegen 0.06/turn               (no ring)
MPRegen 0.08/turn               (no ring)

@: hasted, very quick
A: high MP 1, forlorn, divine attributes
a: no special abilities


You were on level 4 of the Dungeon.
You visited 1 branch of the dungeon, and saw 3 of its levels.

Inventory:

Hand Weapons
 a - a +0 short sword (weapon)
Armour
 b - a +0 leather armour (worn)
Jewellery
 j - a ring of ice
Wands
 g - a wand of digging (3)
Scrolls
 c - a scroll of fog
 d - a scroll of magic mapping
 h - 2 scrolls of noise {unknown}
 k - a scroll of silence {unknown}
Potions
 i - a potion of flight


   Skills:
 + Level 2.6 Fighting
 + Level 1.7 Short Blades
 + Level 1.7 Dodging
 + Level 4.5 Stealth


You couldn't memorise any spells.
You didn't know any spells.
Your spell library contained the following spells:

 Spells                   Type           Power      Damage    Failure   Level
 Beastly Appendage        Tmut           0%         N/A       38%         1
 Wereblood                Tmut           0%         N/A       54%         2
 Spider Form              Tmut/Pois      0%         N/A       77%         3


Dungeon Overview and Level Annotations

Branches:
Dungeon (6/15)
 Temple: D:4-7


Innate Abilities, Weirdness & Mutations

You have an increased reservoir of magic. (+10% MP)
You shall have no god before yourself.
Your divine heritage dramatically boosts your attributes as you level up.


Message History

Found an escape hatch in the ceiling.
There is a stone staircase leading up here.
As you read the scroll of fear, it crumbles to dust.
You assume a fearsome visage.
The adder looks frightened!
The hound looks frightened! x2
You climb upwards.
There is a stone staircase leading down here.
A shadow imp comes into view.
Found a rapier.
There is a stone staircase leading up here.
You climb upwards.
Found 8 stones and a scroll labelled NIS FUGGOO.
Found an iron altar of Okawaru.
There is a stone staircase leading down here.
A bullfrog comes into view.
You see here a scroll labelled NIS FUGGOO.
e - a scroll labelled NIS FUGGOO The bullfrog gives a loud, deep croak!
There is a stone staircase leading down here.
Okay, then.
You climb downwards.
There is a stone staircase leading up here.
There is an escape hatch in the ceiling here.
A mysterious force pulls you upwards. The hatch slams shut behind you.
You feel yourself speed up. The bullfrog closely misses you.
The bullfrog completely misses you.
You miss the bullfrog. The bullfrog hits you.
You hit the bullfrog but do no damage. The bullfrog closely misses you.
You completely miss the bullfrog. The bullfrog hits you.
You hit the bullfrog but do no damage. The bullfrog hits you!
You hit the bullfrog.
The bullfrog is lightly wounded.
The bullfrog hits you.
* * * LOW HITPOINT WARNING * * *
Okay, then.
As you read the scroll labelled NIS FUGGOO, it crumbles to dust.
It is a scroll of identify.
i - a potion of flight The bullfrog hits you.
You die...

##. #..# #...#
.....#### .
........### ...
#...F>(.#.....
##.##.###.........
........F.#...#...
..♣..@#....#....
♣.♣............
♣.♣.♣...#......#
♣.♣.♣........#
♣._.♣.♣........#
♣.♣.♣ ♣.......#..
..♣.♣ .......# ..
......


You could see a bullfrog.

Vanquished Creatures (others)
  6 plants (D:5)
6 creatures vanquished.

Notes
Turn   | Place    | Note
-------+----------+-------------------------------------------
     0 | D:5      | croobank the Demigod Delver began the quest for the Orb.
     0 | D:5      | Reached XP level 1. HP: 18/18 MP: 3/3
    76 | D:5      | Noticed a centaur
    89 | D:6      | Noticed a centaur
    96 | D:6      | Noticed a hound
    96 | D:6      | Noticed a hound
   114 | D:4      | Noticed a bullfrog
   132 | D:4      | Slain by a bullfrog

Illustrated notes

Levels and vault maps discovered:
D:4:      layout_layer_cave, mainiacjoe_overflow_chevrons,
          overflow_temple_1_default, okawaru_trees_2,
          mainiacjoe_overflow_boulevard, lemuel_round_altar
D:5:      layout_layer_cave, mainiacjoe_overflow_concentric_impassable,
          serial_bayou_lake_a
D:6:      layout_basic, nemelex_xobeh_ov_fountains_minmay, grunt_ministairs_6,
          minmay_misc_feat_rows, minivault_5, kennysheep_nondescript,
          uniq_menkaure

Action                   || total
-------------------------++-------
Melee: Short sword       ||     5
  Use: Scroll            ||     2
       Potion            ||     1
Dodge: Dodged            ||     3
